General information
- name: BNet
- type: Ladder team game (AT/RT)
- host: Battle.net
- saver: PLEASEDONTGO
map: LostTemple
- players: 4
- length: 39:45
- speed: Fast
- version: 1.23 W3XP
- replay type: Public
» download(191 KB)
Players
team 1 (loser)
heroinahalfshel (
red | 84 APM | 3326 actions | 39:43)
6 Blademaster
3 Wind Walk
2 Critical Strike
1 Bladestorm
4 Tauren Chieftain
2 Shockwave
2 Endurance Aura
» actions
| Assign group hotkey | 71 | |
| Basic commands | 401 | |
| Build / train | 74 | |
| ESC pressed | 9 | |
| Enter build submenu | 33 | |
| Enter hero's abilities submenu | 11 | |
| Give item / drop item | 3 | |
| Remove unit from queue | 1 | |
| Right click | 1447 | |
| Select / deselect | 519 | |
| Select group hotkey | 665 | |
| Use ability | 92 | |
3326 total
» units
| Peon | 23 | |
| Grunt | 6 | |
| Raider | 2 | |
| Demolisher | 8 | |
| Troll Batrider | 14 | |
| Spirit Walker | 1 | |
54 total
» upgrades
» buildings
| Altar of Storms | 1 | |
| Orc Burrow | 6 | |
| Barracks | 1 | |
| Voodoo Lounge | 1 | |
| Stronghold | 1 | |
| War Mill | 1 | |
| Watch Tower | 11 | |
| Beastiary | 2 | |
| Fortress | 1 | |
| Spirit Lodge | 1 | |
| Great Hall | 3 | |
29 total
» build order
00:06 Altar of Storms
00:12 Orc Burrow
00:40 Barracks
01:40 Orc Burrow
02:36 Voodoo Lounge
02:53 Orc Burrow
04:03 Stronghold
04:44 War Mill
05:30 Orc Burrow
05:57 Watch Tower
05:59 Watch Tower
06:02 Watch Tower
06:15 Orc Burrow
07:33 Beastiary
08:00 Fortress
09:40 Spirit Lodge
10:10 Beastiary
10:55 Great Hall
12:26 Orc Burrow
12:43 Watch Tower
14:21 Watch Tower
14:21 Watch Tower
14:36 Watch Tower
14:37 Watch Tower
14:42 Watch Tower
16:36 Watch Tower
16:38 Watch Tower
22:48 Great Hall
26:02 Great Hall
» items
| Orb of Lightning | 1 | |
| Scroll of Town Portal | 1 | |
2 total
JonU (
teal | 74 APM | 2951 actions | 39:42)
4 Archmage
2 Summon Water Elemental
2 Brilliance Aura
4 Mountain King
2 Storm Bolt
2 Bash
» actions
| Assign group hotkey | 86 | |
| Basic commands | 14 | |
| Build / train | 113 | |
| Enter build submenu | 50 | |
| Enter hero's abilities submenu | 8 | |
| Give item / drop item | 3 | |
| Remove unit from queue | 19 | |
| Right click | 1260 | |
| Select / deselect | 656 | |
| Select group hotkey | 616 | |
| Use ability | 126 | |
2951 total
» units
| Peasant | 31 | |
| Footman | 6 | |
| Rifleman | 6 | |
| Flying Machine | 5 | |
| Mortar Team | 3 | |
| Siege Engine | 7 | |
| Dragonhawk Rider | 1 | |
59 total
» upgrades
| Lumber Harvesting | 1 | |
| Masonry | 1 | |
| Gunpowder | 2 | |
| Long Rifles | 1 | |
| Fragmentation Shards | 0 | |
| Barrage | 1 | |
| Cloud | 1 | |
| Armor | 1 | |
| Plating | 1 | |
9 total
» buildings
| Farm | 11 | |
| Altar of Kings | 1 | |
| Barracks | 1 | |
| Scout Tower | 17 | |
| Arcane Tower | 1 | |
| Blacksmith | 2 | |
| Keep | 1 | |
| Arcane Vault | 1 | |
| Arcane Sanctum | 1 | |
| Town Hall | 3 | |
| Lumber Mill | 1 | |
| Guard Tower | 18 | |
| Workshop | 3 | |
| Castle | 1 | |
| Gryphon Aviary | 1 | |
63 total
» build order
00:05 Farm
00:09 Altar of Kings
00:23 Farm
00:26 Barracks
01:36 Scout Tower
01:54 Farm
02:04 Arcane Tower
03:44 Blacksmith
03:46 Keep
04:19 Arcane Vault
04:23 Farm
04:50 Blacksmith
05:49 Farm
06:13 Arcane Sanctum
07:57 Town Hall
08:42 Scout Tower
08:52 Lumber Mill
09:56 Farm
09:57 Guard Tower
09:59 Scout Tower
10:31 Guard Tower
10:32 Scout Tower
10:57 Scout Tower
11:08 Guard Tower
11:26 Guard Tower
11:27 Guard Tower
11:41 Scout Tower
11:44 Farm
12:03 Scout Tower
12:10 Guard Tower
12:12 Scout Tower
12:35 Guard Tower
12:40 Scout Tower
12:44 Scout Tower
12:45 Guard Tower
13:19 Workshop
13:48 Guard Tower
13:56 Castle
14:02 Farm
14:31 Workshop
14:45 Guard Tower
16:04 Town Hall
16:46 Gryphon Aviary
17:51 Workshop
18:56 Farm
19:38 Farm
19:39 Farm
21:37 Town Hall
25:18 Scout Tower
25:19 Scout Tower
25:23 Scout Tower
25:55 Guard Tower
25:55 Guard Tower
26:04 Scout Tower
26:36 Guard Tower
27:13 Scout Tower
28:41 Guard Tower
28:45 Scout Tower
28:47 Scout Tower
29:18 Guard Tower
29:19 Guard Tower
» items
| Scroll of Healing | 1 | |
| Scroll of Town Portal | 1 | |
2 total
team 2 (winner)
aE.GatoRade. (
pink | 65 APM | 2584 actions | 39:44)
6 Blademaster
3 Wind Walk
2 Critical Strike
1 Bladestorm
» actions
| Assign group hotkey | 1 | |
| Basic commands | 1 | |
| Build / train | 84 | |
| ESC pressed | 6 | |
| Enter build submenu | 46 | |
| Enter hero's abilities submenu | 6 | |
| Give item / drop item | 5 | |
| Right click | 1823 | |
| Select / deselect | 442 | |
| Select group hotkey | 6 | |
| Use ability | 164 | |
2584 total
» units
| Peon | 15 | |
| Troll Batrider | 7 | |
| Goblin Shredder | 1 | |
| Wind Rider | 3 | |
26 total
» upgrades
| Reinforced Defenses | 1 | |
| Liquid Fire | 1 | |
| Ranged Weapons | 3 | |
| Melee Weapons | 1 | |
| Armor | 2 | |
8 total
» buildings
| Altar of Storms | 1 | |
| Orc Burrow | 4 | |
| Voodoo Lounge | 1 | |
| War Mill | 2 | |
| Watch Tower | 30 | |
| Stronghold | 1 | |
| Fortress | 1 | |
| Beastiary | 2 | |
| Great Hall | 2 | |
| Tauren Totem | 1 | |
| Spirit Lodge | 1 | |
46 total
» build order
00:09 Altar of Storms
00:20 Orc Burrow
00:34 Voodoo Lounge
01:19 War Mill
02:19 Orc Burrow
02:38 Watch Tower
03:03 Watch Tower
03:07 Watch Tower
04:00 Stronghold
04:02 Watch Tower
04:05 Watch Tower
04:08 Watch Tower
05:28 Orc Burrow
05:33 Watch Tower
05:36 Watch Tower
05:39 Watch Tower
06:34 Fortress
07:55 Watch Tower
07:57 Watch Tower
08:01 Watch Tower
08:04 Watch Tower
08:08 Beastiary
08:11 Beastiary
10:38 Orc Burrow
11:36 Watch Tower
12:14 War Mill
13:01 Watch Tower
13:03 Watch Tower
13:04 Watch Tower
13:05 Watch Tower
13:07 Watch Tower
13:21 Watch Tower
14:10 Watch Tower
15:24 Watch Tower
16:39 Watch Tower
17:06 Watch Tower
17:08 Watch Tower
17:11 Watch Tower
17:30 Watch Tower
18:46 Watch Tower
20:23 Watch Tower
20:25 Watch Tower
23:59 Great Hall
30:24 Tauren Totem
30:26 Spirit Lodge
35:09 Great Hall
» items
| Healing Salve | 4 | |
| Lesser Clarity Potion | 11 | |
| Scroll of Speed | 1 | |
| Potion of Mana | 6 | |
| Orb of Lightning | 1 | |
| Tiny Great Hall | 1 | |
| Boots of Speed | 1 | |
| Staff of Teleportation | 1 | |
| Potion of Healing | 1 | |
| Potion of Lesser Invulnerability | 1 | |
28 total
PLEASEDONTGO (
orange | 44 APM | 1742 actions | 39:45)
4 Archmage
3 Blizzard
1 Brilliance Aura
3 Blood Mage
2 Flame Strike
1 Siphon Mana
» actions
| Assign group hotkey | 30 | |
| Basic commands | 27 | |
| Build / train | 125 | |
| Enter build submenu | 51 | |
| Enter hero's abilities submenu | 7 | |
| Give item / drop item | 1 | |
| Right click | 704 | |
| Select / deselect | 442 | |
| Select group hotkey | 149 | |
| Use ability | 206 | |
1742 total
» units
| Peasant | 20 | |
| Sorceress | 3 | |
| Mortar Team | 5 | |
| Gryphon Rider | 6 | |
34 total
» upgrades
| Masonry | 3 | |
| Magic Sentry | 1 | |
| Sorceress Training | 2 | |
| Gunpowder | 3 | |
| Fragmentation Shards | 1 | |
| Flare | 1 | |
| Armor | 3 | |
| Storm Hammers | 1 | |
| Swords | 3 | |
| Animal War Training | 1 | |
19 total
» buildings
| Altar of Kings | 1 | |
| Farm | 14 | |
| Lumber Mill | 1 | |
| Scout Tower | 54 | |
| Arcane Tower | 9 | |
| Guard Tower | 29 | |
| Keep | 1 | |
| Arcane Sanctum | 1 | |
| Town Hall | 2 | |
| Castle | 1 | |
| Arcane Vault | 1 | |
| Blacksmith | 2 | |
| Workshop | 2 | |
| Cannon Tower | 6 | |
| Gryphon Aviary | 5 | |
| Barracks | 1 | |
130 total
» build order
00:08 Altar of Kings
00:26 Farm
00:41 Lumber Mill
00:44 Farm
01:09 Scout Tower
01:39 Arcane Tower
01:39 Arcane Tower
01:51 Scout Tower
02:07 Scout Tower
02:29 Guard Tower
02:29 Guard Tower
02:42 Guard Tower
02:42 Guard Tower
04:03 Scout Tower
04:06 Scout Tower
04:22 Scout Tower
04:23 Scout Tower
04:49 Scout Tower
04:49 Scout Tower
04:51 Scout Tower
04:53 Scout Tower
04:54 Scout Tower
04:56 Scout Tower
05:03 Arcane Tower
05:05 Guard Tower
05:05 Guard Tower
05:19 Guard Tower
05:20 Guard Tower
05:20 Guard Tower
05:21 Farm
05:24 Keep
05:30 Guard Tower
05:30 Guard Tower
05:35 Scout Tower
05:37 Scout Tower
05:38 Scout Tower
05:39 Scout Tower
05:40 Scout Tower
05:41 Scout Tower
05:47 Scout Tower
05:48 Scout Tower
05:50 Scout Tower
05:50 Scout Tower
05:58 Guard Tower
06:27 Arcane Tower
06:28 Guard Tower
06:29 Guard Tower
07:38 Guard Tower
07:51 Arcane Sanctum
07:57 Guard Tower
07:57 Guard Tower
08:25 Farm
08:26 Farm
08:29 Farm
08:40 Guard Tower
11:26 Town Hall
11:27 Castle
11:30 Scout Tower
11:31 Scout Tower
11:32 Scout Tower
11:33 Scout Tower
11:36 Scout Tower
11:38 Scout Tower
11:39 Scout Tower
11:41 Scout Tower
11:42 Scout Tower
11:44 Scout Tower
11:46 Scout Tower
11:47 Scout Tower
11:56 Arcane Vault
12:00 Arcane Tower
12:01 Arcane Tower
12:05 Guard Tower
12:43 Guard Tower
12:43 Guard Tower
13:03 Guard Tower
13:03 Guard Tower
13:05 Guard Tower
13:05 Guard Tower
13:05 Guard Tower
15:33 Blacksmith
15:36 Blacksmith
16:35 Workshop
16:36 Workshop
23:40 Town Hall
23:44 Scout Tower
23:45 Scout Tower
23:46 Scout Tower
23:49 Scout Tower
23:50 Scout Tower
23:51 Scout Tower
23:54 Scout Tower
23:56 Scout Tower
23:57 Scout Tower
23:59 Scout Tower
24:00 Scout Tower
24:02 Scout Tower
24:54 Scout Tower
24:55 Scout Tower
24:56 Scout Tower
25:33 Cannon Tower
25:34 Cannon Tower
25:36 Arcane Tower
25:37 Arcane Tower
25:39 Guard Tower
26:37 Cannon Tower
26:42 Scout Tower
26:45 Scout Tower
26:46 Scout Tower
26:47 Scout Tower
28:19 Cannon Tower
31:38 Gryphon Aviary
31:39 Gryphon Aviary
31:39 Gryphon Aviary
31:41 Gryphon Aviary
31:43 Gryphon Aviary
31:46 Cannon Tower
33:16 Farm
33:16 Farm
33:17 Farm
33:18 Farm
33:18 Farm
33:19 Farm
33:21 Farm
33:21 Farm
33:47 Barracks
» items
| Healing Salve | 1 | |
| Scroll of Regeneration | 2 | |
| Staff of Sanctuary | 2 | |
| Scroll of Town Portal | 5 | |
| Lesser Clarity Potion | 2 | |
12 total
Chat log
(00:23 / All) PLEASEDONTGO: why wont my acolytes mine wood.....................
(00:45 / All) aE.GatoRade.: noob
(00:53 / All) PLEASEDONTGO: ?????
(01:02 / All) PLEASEDONTGO: how do u get wood......................
(01:27 / All) aE.GatoRade.: THE TREES DAMNIT THE TREES!
(02:17 / Allies) PLEASEDONTGO: so i was supposed to be out all night
(02:25 / Allies) PLEASEDONTGO: but i got dumped for his ex....
(02:29 / Allies) aE.GatoRade.: :/
(02:37 / Allies) PLEASEDONTGO: :(
(04:41 / All) PLEASEDONTGO: "how do i micro" - bm user
(06:05 / Allies) PLEASEDONTGO: sigh
(06:08 / Allies) aE.GatoRade.: ?
(06:12 / Allies) PLEASEDONTGO: T>T
(06:21 / Allies) aE.GatoRade.: bm is so gay
(07:48 / Allies) aE.GatoRade.: bs
(08:18 / Allies) aE.GatoRade.: that nigga
(08:19 / Allies) aE.GatoRade.: just got raped
(10:13 / Allies) PLEASEDONTGO: come plz
(11:18 / Allies) aE.GatoRade.: come help me
(11:19 / Allies) aE.GatoRade.: clear mibne
(11:44 / Allies) aE.GatoRade.: come noobie
(12:49 / Allies) aE.GatoRade.: move
(12:50 / Allies) aE.GatoRade.: ty
(13:51 / Allies) aE.GatoRade.: wtf
(13:52 / Allies) aE.GatoRade.: makes
(13:55 / Allies) aE.GatoRade.: random demos
(16:42 / All) PLEASEDONTGO: can u noobs just leave
(16:59 / All) aE.GatoRade.: the art of towering
(17:00 / All) aE.GatoRade.: is key
(17:02 / All) aE.GatoRade.: to the survival
(17:03 / All) aE.GatoRade.: of pros
(17:14 / Allies) PLEASEDONTGO: lol
(17:17 / All) heroinahalfshel: nah
(17:25 / Allies) aE.GatoRade.: im goin
(17:26 / Allies) aE.GatoRade.: im goin
(17:59 / All) aE.GatoRade.: SO IS THE ART
(18:01 / All) aE.GatoRade.: OF MAP HACKS
(18:27 / All) PLEASEDONTGO: nice!!!!!!!!!!!!
(18:50 / Allies) PLEASEDONTGO: wow
(18:52 / Allies) PLEASEDONTGO: wtf
(18:53 / Allies) aE.GatoRade.: wtf
(18:54 / Allies) aE.GatoRade.: is that
(18:55 / Allies) aE.GatoRade.: gayness
(19:05 / Allies) aE.GatoRade.: i noobed
(19:06 / Allies) aE.GatoRade.: that
(19:06 / Allies) aE.GatoRade.: up
(19:31 / Allies) PLEASEDONTGO: who do you want me to hall
(19:45 / Allies) aE.GatoRade.: red
(21:04 / Allies) PLEASEDONTGO: ill let him drain his main and take expo
(22:31 / Allies) PLEASEDONTGO: bm
(22:51 / Allies) aE.GatoRade.: keep
(22:52 / Allies) aE.GatoRade.: him spotted
(22:59 / Allies) aE.GatoRade.: do that shit in mid
(25:54 / Allies) aE.GatoRade.: wtf
(25:54 / Allies) aE.GatoRade.: is that
(25:55 / Allies) aE.GatoRade.: lucky
(25:55 / Allies) aE.GatoRade.: shit
(27:02 / Allies) PLEASEDONTGO: what the fuck was my am doing
(27:02 / Allies) PLEASEDONTGO: dH
(27:45 / Allies) PLEASEDONTGO: camps copter at expo
(27:53 / Allies) PLEASEDONTGO: fuckhead neverheard of magic sentry
(28:15 / Allies) aE.GatoRade.: next time
(28:16 / Allies) aE.GatoRade.: we shld perch
(28:19 / Allies) aE.GatoRade.: this mao
(28:20 / Allies) aE.GatoRade.: map
(28:21 / Allies) aE.GatoRade.: lewl
(28:26 / Allies) PLEASEDONTGO: yeah
(30:28 / Allies) PLEASEDONTGO: they may try to expo that
(31:08 / Allies) aE.GatoRade.: lol
(33:33 / Allies) PLEASEDONTGO: woood
(35:47 / Allies) aE.GatoRade.: mass gryphs
(35:48 / Allies) aE.GatoRade.: wins this
(35:51 / Allies) PLEASEDONTGO: i am
(35:56 / Allies) PLEASEDONTGO: are you blind
(35:57 / Allies) aE.GatoRade.: they have no gold
(36:00 / Allies) aE.GatoRade.: i know
(36:01 / Allies) aE.GatoRade.: im just sayin
(36:02 / Allies) aE.GatoRade.: noobie
(36:03 / Allies) aE.GatoRade.: lewl
(36:05 / Allies) aE.GatoRade.: i just looked at ur base
(36:07 / Allies) PLEASEDONTGO: :(
(36:18 / Allies) aE.GatoRade.: scan my base
(36:34 / Allies) PLEASEDONTGO: cd
(36:43 / Allies) aE.GatoRade.: i like
(36:44 / Allies) aE.GatoRade.: ur style
(36:48 / Allies) PLEASEDONTGO: ?
(36:55 / Allies) aE.GatoRade.: not minig gold
(36:57 / Allies) aE.GatoRade.: at high
(36:58 / Allies) aE.GatoRade.: -.-
(37:03 / Allies) PLEASEDONTGO: xd
(37:11 / Allies) PLEASEDONTGO: im not stupid
(37:47 / All) aE.GatoRade.: SO HOWS
(37:48 / All) aE.GatoRade.: ALL THAT GOLD
(37:50 / All) aE.GatoRade.: U FELLAS GOT
(38:10 / All) PLEASEDONTGO: "damn units suck why did i get them" - teal
(38:31 / Allies) aE.GatoRade.: i need a fuckin
(38:34 / Allies) aE.GatoRade.: gym of true sight
(38:35 / Allies) aE.GatoRade.: -.-
(38:36 / Allies) aE.GatoRade.: dota style
(38:42 / All) aE.GatoRade.: WE GOT THE W?
(38:44 / All) aE.GatoRade.: YES I BELIEVE SO
(38:46 / All) PLEASEDONTGO: watch your base red :)
(38:59 / All) aE.GatoRade.: WUT IT DO
(39:20 / All) PLEASEDONTGO: damn looks like ive got 100 food of gryphs and a mine
(39:38 / All) aE.GatoRade.: TC DOWN
(39:42 / All) aE.GatoRade.: WELCOME TO THE PROS